 Dungeon Crawl Stone Soup version 0.19-a0-1457-g32fba05 (webtiles) character file.

357 LORDOFBUTT the Shield-Bearer (level 6, -5/48 HPs)
             Began as a Formicid Fighter on Sept 3, 2016.
             Slain by Menkaure (10 damage)
             ... on level 4 of the Dungeon on Sept 6, 2016.
             The game lasted 00:05:26 (2380 turns).

LORDOFBUTT the Shield-Bearer (Formicid Fighter)     Turns: 2380, Time: 00:05:26

Health: -5/48      AC:  7    Str: 21    XL:     6   Next: 96%
Magic:  6/6        EV:  9    Int:  7    God:
Gold:   106        SH: 10    Dex: 12    Spells: 0 memorised, 5 levels left

rFire  . . .     SeeInvis +     i - +1 mace (drain)
rCold  . . .     Gourm    .     b - +0 scale mail
rNeg   . . .     Faith    .     c - +0 shield
rPois  .         Spirit   .     (helmet unavailable)
rElec  .         Dismiss  .     (no cloak)
rCorr  .         Reflect  .     (no gloves)
MR     .....     Harm     .     (no boots)
Stlth  ..........               (no amulet)
                                (no ring)
                                (no ring)

@: no status effects
A: permanent stasis, dig shafts and tunnels, four strong arms, antennae 3
a: Dig, Shaft Self


You were on level 4 of the Dungeon.
You were not hungry.

You visited 1 branch of the dungeon, and saw 4 of its levels.

You collected 106 gold pieces.

Inventory:

Hand Weapons
 a - a +0 war axe
 i - a +1 mace of draining (weapon)
Armour
 b - a +0 scale mail (worn)
 c - a +0 shield (worn)
Jewellery
 d - a +3 ring of dexterity {unknown}
Scrolls
 g - 2 scrolls of noise {unknown}
 h - 2 scrolls of immolation {unknown}
 k - 5 scrolls of identify {unknown}
 l - 2 scrolls of remove curse {unknown}
 m - a scroll of enchant weapon {unknown}
 n - 2 scrolls of teleportation {unknown}
 o - 2 scrolls of magic mapping {unknown}
Potions
 p - a potion of resistance {unknown}
Comestibles
 f - 4 bread rations
 q - a meat ration


   Skills:
 + Level 4.1 Fighting
 + Level 3.0 Axes
 + Level 0.2(2.0) Maces & Flails
   Level 0.8 Staves
 + Level 4.8 Armour
 + Level 2.1 Dodging
 + Level 0.6 Stealth
 + Level 5.4 Shields


You had 5 spell levels left.
You didn't know any spells.

Dungeon Overview and Level Annotations

Branches:
Dungeon (4/15)
 Temple: D:4-7

Altars:
Xom

Portals:
Ossuary: D:4

Annotations:
D:4 Menkaure


Innate Abilities, Weirdness & Mutations

You are under a permanent stasis effect.
You can dig through walls and to a lower floor.
Your four strong arms can wield two-handed weapons with a shield.
You have a pair of large antennae on your head. (SInv)


Message History

Menkaure hits you but does no damage.
You hit Menkaure but do no damage.
You feel sick. You block Menkaure's attack.
You hit Menkaure but do no damage. Menkaure barely misses you. x2
You hit Menkaure.
Menkaure is lightly damaged.
You block Menkaure's attack. Menkaure hits you!
* * * LOW HITPOINT WARNING * * *
You are too injured to fight recklessly!
You are too injured to fight recklessly!
You are too injured to fight recklessly!
It was a potion of curing.
You feel better. Menkaure closely misses you.
You sock Menkaure!
Menkaure is moderately damaged.
Menkaure closely misses you.
You hit Menkaure.
Menkaure is heavily damaged.
Menkaure hits you!
* * * LOW HITPOINT WARNING * * *
Menkaure hits you!
You die...

######.# #......# #
#......# .. #......#
#.## #.....# .# ## .....
#..∩..# .# .
#..###=....# .#.#
####..........###.#.###
......M@†...............
.................)......
..####...###.....†#####.
#...# #......# #. #...#
#......# #. #...#
#......# #. #...#
######.# ###.
############.# #...
#.......# #.#.


You could see Menkaure.

Vanquished Creatures
  The ghost of Warped the Pure, an amateur DsAK of Lugonu (D:3)
  A scorpion (D:4)
  An orc priest (D:3)
  Crazy Yiuf (D:2)
  An orc wizard (D:3)
  A worker ant (D:4)
  4 adders
  An ooze (D:3)
  An adder skeleton (D:4)
  2 worms
  A dart slug (D:2)
  2 orcs (D:3)
  3 giant cockroaches
  7 goblins
  6 hobgoblins
  15 jackals
  A ball python (D:1)
  4 bats
  4 giant newts
  6 kobolds
  6 rats
69 creatures vanquished.

Notes
Turn   | Place    | Note
-------+----------+-------------------------------------------
     0 | D:1      | LORDOFBUTT the Formicid Fighter began the quest for the Orb.
     0 | D:1      | Reached XP level 1. HP: 18/18 MP: 1/1
   134 | D:1      | Reached XP level 2. HP: 22/24 MP: 2/2
   451 | D:1      | Reached skill level 4 in Shields
   736 | D:1      | Reached XP level 3. HP: 27/29 MP: 3/3
  1092 | D:2      | Reached XP level 4. HP: 25/35 MP: 4/4
  1108 | D:2      | Found a shimmering altar of Xom.
  1422 | D:2      | Found a runed door.
  1431 | D:2      | Noticed Crazy Yiuf
  1438 | D:2      | Killed Crazy Yiuf
  1438 | D:2      | Reached skill level 1 in Dodging
  1525 | D:3      | Noticed Warped's ghost (amateur DsAK)
  1554 | D:3      | Killed Warped's ghost
  1554 | D:3      | Reached XP level 5. HP: 22/42 MP: 5/5
  1653 | D:3      | Reached skill level 5 in Shields
  1655 | D:3      | Reached XP level 6. HP: 40/48 MP: 6/6
  2331 | D:4      | Upgraded the game from 0.19-a0-1394-g582fb70 to 0.19-a0-1457-g32fba05
  2360 | D:4      | Found a sand-covered staircase.
  2369 | D:4      | Noticed Menkaure
  2380 | D:4      | Slain by Menkaure

Vault maps used:
D:1:      minmay_arrival_split_and_join, serial_glass, glass_columns_a,
          glass_columns_c, glass_columns_a, glass_columns_c, item_on_display_a
D:2:      lemuel_doored_altar, uniq_crazy_yiuf_cottage
D:4:      minitemple, kennysheep_little_box, first_bread, enter_ossuary_1,
          uniq_menkaure

Skill      XL: |  1  2  3  4  5  6 |
---------------+-------------------+-----
Shields        | 4 5 |  5.4
Dodging        | 1 2 |  2.1
Axes           | 3 |  3.0
Armour         | 4 |  4.8
Fighting       | 4 |  4.1
Maces & Flails | |  0.2
Staves         | |  0.8
Stealth        | |  0.6

Action                   |  1- 3 |  4- 6 || total
-------------------------+-------+-------++-------
Melee: War axe           |   109 |    18 ||   127
       Mace              |       |    84 ||    84
       Quarterstaff      |       |     6 ||     6
  Use: Potion            |       |     3 ||     3
  Eat: Beef jerky        |       |     2 ||     2
       Chunk             |       |     2 ||     2
Armor: Scale mail        |    68 |    42 ||   110
Dodge: Dodged            |    51 |    28 ||    79
Block: Shield            |    83 |    62 ||   145
